 Dungeon Crawl Stone Soup version 0.29-a0-321-gf1c400731a (webtiles) character file.

Game seed: 17065592210871358619

75 Flugslaktarn the Stinger (level 4, 0/31 HPs)
             Began as a Human Venom Mage on Apr 3, 2022.
             Killed from afar by Natasha (7 damage)
             ... with a magic dart
             ... on level 2 of the Dungeon.
             The game lasted 00:04:21 (827 turns).

Flugslaktarn the Stinger (Human Venom Mage)          Turns: 827, Time: 00:04:21

Health: 0/31       AC:  3    Str:  9    XL:     4   Next: 55%
Magic:  1/7        EV: 12    Int: 17    God:
Gold:   60         SH:  0    Dex: 13    Spells: 4/7 levels left

rFire   . . .      SeeInvis .   d - +2 dagger (protect)
rCold   . . .      Faith    .   (no shield)
rNeg    . . .      Spirit   .   a - +0 robe
rPois   .          Reflect  .   (no helmet)
rElec   .          Harm     .   (no cloak)
rCorr   .          Rampage  .   (no gloves)
Will    .....                   h - +0 pair of boots
Stlth   ++........              (no amulet)
HPRegen 0.10/turn               (no ring)
MPRegen 0.10/turn               (no ring)

@: slowed, very slow
A: no striking features
a: no special abilities


You were on level 2 of the Dungeon.
You visited 1 branch of the dungeon, and saw 3 of its levels.

You collected 60 gold pieces.

Inventory:

Hand Weapons
 c - a +0 dagger
   (You took it off an orc on level 1 of the Dungeon)
 d - a +2 dagger of protection (weapon)
   (You took it off a goblin on level 3 of the Dungeon)
Missiles
 i - 4 javelins
Armour
 a - a +0 robe (worn)
 h - a +0 pair of boots (worn)
   (You found it on level 2 of the Dungeon)
 l - the +1 ring mail of the Sunfish {rElec rPois Int-4}
   (You took it off a kobold on level 2 of the Dungeon)

   Int:       It affects your intelligence (-4).
   rElec:     It insulates you from electricity.
   rPois:     It protects you from poison.
Jewellery
 j - a +4 ring of slaying
   (You found it on level 2 of the Dungeon)
Scrolls
 g - a scroll of fear
 k - a scroll of immolation {unknown}
Potions
 b - a potion of magic
 e - a potion of attraction {unknown}
 f - a potion of heal wounds {unknown}


   Skills:
 + Level 0.3 Fighting
 - Level 2.0 Dodging
 - Level 2.0 Stealth
 - Level 2.0 Spellcasting
 - Level 2.0 Transmutations
 - Level 2.0 Air Magic
 - Level 4.0 Poison Magic


You had 4 spell levels left.
You knew the following spells:

 Your Spells              Type           Power      Damage    Failure   Level
a - Sting                 Tmut/Pois      44%        1d5       5%          1
b - Poisonous Vapours     Pois/Air       22%        N/A       9%          2

Your spell library contained the following spells:

 Spells                   Type           Power      Damage    Failure   Level
 Mephitic Cloud           Conj/Pois/Air  8%         N/A       26%         3
 Olgreb's Toxic Radiance  Pois           15%        N/A       36%         4
 Dazzling Flash           Conj/Hex       2%         N/A       50%         3
 Silence                  Hex/Air        2%         N/A       98%         5
 Agony                    Necr           1%         N/A       99%         5


Dungeon Overview and Level Annotations

Branches:
Dungeon (3/15)

Altars:

Annotations:
D:2 Natasha
D:3 Grinder


Message History

There are no items here.
You closely miss the kobold. The kobold barely misses you.
You hit the kobold but do no damage.
Your weapon exudes an aura of protection.
The kobold hits you but does no damage.
Unknown command.
Unknown command.
Unknown command.
Unknown command.
You hit the kobold but do no damage. The kobold misses you.
You closely miss the kobold. The kobold closely misses you.
You hit the kobold but do no damage. The kobold hits you but does no damage.
You closely miss the kobold. The kobold hits you but does no damage.
You closely miss the kobold. The kobold barely misses you.
You barely miss the kobold. The kobold misses you.
You hit the kobold.
The kobold is severely wounded.
The kobold hits you with a +0 club.
You barely miss the kobold.
The kobold is severely wounded.
The kobold barely misses you.
You hit the kobold but do no damage.
The kobold is severely wounded.
The kobold barely misses you.
You closely miss the kobold.
The kobold is severely wounded.
The kobold hits you but does no damage.
You barely miss the kobold.
The kobold is severely wounded.
The kobold misses you.
You hit the kobold but do no damage.
The kobold is severely wounded.
The kobold hits you with a +0 club.
You hit the kobold but do no damage.
The kobold is severely wounded.
The kobold hits you but does no damage.
You hit the kobold.
You kill the kobold!
j - the +1 ring mail of the Sunfish {rElec rPois Int-4}
Things that are here:
a +0 club; 3 stones A dart slug comes into view.
Items here: )) ? †.
Items here: )) ? †.
k - a scroll labelled INTEHA MIAN The dart slug launches a dart at you.
The slug dart hits you.
Natasha, Servant of Life and Death comes into view.
Natasha mewls in sadness.
Natasha mumbles some strange words.
You see here a +4 ring of slaying.
j - a +4 ring of slaying
l - the +1 ring mail of the Sunfish {rElec rPois Int-4} The dart slug briefly extends its eye-stalks.
The dart slug launches a dart at you. The slug dart hits you.
Natasha wildly gestures.
You feel disoriented. Natasha casts a spell at you.
You feel yourself slow down. The dart slug launches a dart at you.
The slug dart hits you.
The shadow imp picks up a beetle and eats it.
Natasha stares at you and mumbles some strange words.
The magic dart hits you!
* * * LOW HITPOINT WARNING * * *
Okay, then.
Casting: Sting (safe; 5% risk of failure)
Confirm with . or Enter, or press ? or * to list all spells.
Aiming: Poisonous Vapours (safe; 9% risk of failure)
Press: ? - help, Dir - move target, f - Natasha
Aim: Natasha Poisonous vapours surround Natasha!
Natasha is poisoned.
The shadow imp disappears in a puff of smoke!
Casting: Poisonous Vapours (safe; 9% risk of failure)
Confirm with . or Enter, or press ? or * to list all spells.
Aiming: Poisonous Vapours (safe; 9% risk of failure)
Press: ? - help, Dir - move target, f/p - Natasha
Aim: Natasha (black smoke, poisoned) Poisonous vapours surround Natasha!
Natasha looks even sicker.
Natasha claws you but does no damage.
Casting: Poisonous Vapours (safe; 9% risk of failure)
Confirm with . or Enter, or press ? or * to list all spells.
Aiming: Sting (safe; 5% risk of failure)
Press: ? - help, Shift-Dir - straight line, f/p - Natasha
Aim: Natasha (lightly wounded, very poisoned, 64% to hit)
The sting hits Natasha.
Natasha looks even sicker.
Natasha is moderately wounded.
Natasha barely misses you. Natasha claws you.
* * * LOW HITPOINT WARNING * * *
Casting: Sting (safe; 5% risk of failure)
Confirm with . or Enter, or press ? or * to list all spells.
Aiming: Sting (safe; 5% risk of failure)
Press: ? - help, Shift-Dir - straight line, f/p - Natasha
Aim: Natasha (severely wounded, very poisoned, 64% to hit)
The sting hits Natasha.
Natasha looks as sick as possible!
Natasha is severely wounded.
Natasha stares at you and mumbles some strange words.
The magic dart hits you!
You die...

.. #.###.#.#.. .. #..
#.#.... ###
###.#...#.. #
..#.######.###)###
#..##.#..<..# ...#.(.#
#..##.#####.####.###.#
#..##.#.......# ...#.#
#..##.#.#...#.####.#.#
#...w@..#...#.........
#..#h####<...###.#...#
..##########.##.#
###.......##...
#..........5...#
#.............#
.........wh.#####
#.###.....###.#
##..............# #.#
#.÷...# #..
#........).)######.#
#.....# ###
+..................#
#..#### #
#...........#..#...#
#..########


You could see Natasha (extremely poisoned) and a dart slug.

Vanquished Creatures
  Natasha (D:2)
  An adder (D:3)
  A dart slug (D:1)
  An orc (D:1)
  4 ball pythons
  2 bats (D:1)
  An endoplasm (D:1)
  3 giant cockroaches
  4 goblins
  4 hobgoblins
  2 jackals (D:1)
  2 frilled lizards
  6 kobolds
  4 rats
36 creatures vanquished.

Notes
Turn   | Place    | Note
-------+----------+-------------------------------------------
     0 | D:1      | Flugslaktarn the Human Venom Mage began the quest for the
                  | Orb.
     0 | D:1      | Reached XP level 1. HP: 13/13 MP: 3/3
    97 | D:1      | Reached XP level 2. HP: 19/19 MP: 0/5
   159 | D:1      | Found a faded altar of an unknown god.
   293 | D:1      | Reached XP level 3. HP: 11/24 MP: 2/6
   512 | D:2      | Learned a level 2 spell: Poisonous Vapours
   611 | D:3      | Noticed Grinder
   657 | D:3      | Reached skill level 4 in Poison Magic
   728 | D:2      | Noticed Natasha
   730 | D:2      | Reached skill level 1 in Air Magic
   730 | D:2      | Reached XP level 4. HP: 24/30 MP: 5/7
   770 | D:2      | Killed Natasha
   782 | D:2      | Identified the +1 ring mail of the Sunfish {rElec rPois
                  | Int-4}
   812 | D:2      | Noticed Natasha
   827 | D:2      | Killed from afar by Natasha

Illustrated notes

Levels and vault maps discovered:
D:1:      lightli_arrival_isolated_outpost, layout_basic,
          shapermc_ecumenical_altar_starsandcircs
D:2:      layout_basic, chequers_serial_rivers_small_b, uniq_natasha
D:3:      layout_basic, uniq_grinder

Skill      XL: |  1  2  3  4 |
---------------+-------------+-----
Transmutations | 2 |  2.0
Poison Magic   | 4 |  4.0
Air Magic      | 1 2 |  2.0
Fighting       | |  0.3
Dodging        | |  2.0
Stealth        | |  2.0
Spellcasting   | |  2.0

Action                   |  1- 3 |  4- 6 || total
-------------------------+-------+-------++-------
Melee: Dagger            |    36 |    19 ||    55
 Cast: Sting             |    41 |     5 ||    46
       Poisonous Vapours |     1 |     3 ||     4
  Use: Scroll            |     2 |       ||     2
 Stab: Sleeping          |     1 |       ||     1
Armor: Robe              |     5 |     7 ||    12
Dodge: Dodged            |    37 |    10 ||    47

Table legend: (Time is in decaauts)
 A = Elapsed time spent in this place.
 B = Non-inter-level travel time spent in this place.
 C = Inter-level travel time spent in this place.
 D = Time resting spent in this place.
 E = Time spent auto-exploring this place.
 F = Levels seen in this place.
 G = Mean time per level.
                   A        B        C        D        E       F      G
               +--------+--------+--------+--------+--------+-----+--------+
         Total |    850 |    785 |     65 |      0 |      0 |   3 |  283.3 |
       Dungeon |    850 |    785 |     65 |      0 |      0 |   3 |  283.3 |
               +--------+--------+--------+--------+--------+-----+--------+

Top non-repeatable levels by time:
     D:1: 420 daAuts
     D:2: 353 daAuts
     D:3: 77 daAuts
